 Dungeon Crawl Stone Soup version 0.18-a0-1720-g8df8b1a (webtiles) character file.

9355 Arkorax the Fighter (level 11, -8/95 (96) HPs)
             Began as a Formicid Wanderer on Apr 9, 2016.
             Was a Follower of Ashenzari.
             Mangled by a large abomination (15 damage)
             ... on level 10 of the Dungeon.
             The game lasted 00:24:16 (12296 turns).

Arkorax the Fighter (Formicid Wanderer)            Turns: 12296, Time: 00:24:17

HP:   -8/95 (96)    AC: 13    Str: 21      XL:     11   Next: 72%
MP:   11/11         EV: 10    Int: 13 (15) God:    Ashenzari [*.....]
Gold: 479           SH:  5    Dex: 14      Spells: 0 memorised, 10 levels left

rFire  . . .     SeeInvis +     a - +3 spear (curse)
rCold  . . .     Gourm    .     j - +0 plate armour (curse)
rNeg   . . .     Faith    .     g - +0 buckler
rPois  +         Spirit   .     (helmet unavailable)
rElec  .         Dismiss  .     (no cloak)
rCorr  .         Reflect  .     B - +2 pair of fencer's gloves {LBl+4 SBl+4 EV+3 Dex+6}
SustAt .         Harm     .     q - +0 pair of boots
MR     +....                    (no amulet)
Stlth  ..........               b - ring of poison resistance
                                u - ring of stealth

@: somewhat resistant to hostile enchantments, extremely unstealthy
A: permanent stasis, dig shafts and tunnels, four strong arms, antennae 3,
clever 1, deformed body
a: Dig, Shaft Self, Curse Item, Scrying, Renounce Religion


You were on level 10 of the Dungeon.
You worshipped Ashenzari.
Ashenzari was aware of your devotion.
You were not hungry.

You visited 2 branches of the dungeon, and saw 11 of its levels.
You visited the Abyss 1 time.

You collected 655 gold pieces.
You spent 176 gold pieces at shops.

Inventory:

Hand Weapons
 a - a cursed +3 spear (weapon)
 x - a +0 trident of venom
 z - a +1 glaive
 D - a +0 trident
 F - a +5 halberd
Missiles
 c - 91 arrows
 e - 5 arrows of dispersal
Armour
 g - a +0 buckler (worn)
 j - a cursed +0 plate armour (worn)
 k - a +1 large shield
 q - a +0 pair of boots (worn)
 B - the +2 pair of fencer's gloves (worn) {LBl+4 SBl+4 EV+3 Dex+6}
   (You found it on level 9 of the Dungeon)

   It affects your evasion (+3).
   It affects your dexterity (+6).
Jewellery
 b - a ring of poison resistance (right hand)
 d - an uncursed ring of positive energy
 u - a ring of stealth (left hand)
Wands
 n - a wand of paralysis (0/24)
 v - a wand of confusion (5/48)
 w - a wand of enslavement (7/24)
 y - a wand of acid (0/15)
Scrolls
 i - a scroll of enchant armour
 l - 2 scrolls of noise
 m - 3 scrolls of amnesia
 s - 4 scrolls of fear
 G - 2 scrolls of identify
Potions
 r - 2 potions of haste
 t - 3 potions of berserk rage
 E - a potion of degeneration
Books
 H - the Disquisition on Orientation
   (You found it on level 9 of the Dungeon)

   Spells                             Type                      Level
   a - Apportation                    Translocation                1
   b - Shroud of Golubria             Charms/Translocation         2
   c - Force Lance                    Conjuration/Translocation    4
   d - Warp Weapon                    Charms/Translocation         5
Miscellaneous
 p - a phial of floods (inert)
Comestibles
 f - 2 bread rations
 h - a slice of pizza
 A - 12 fruits
 C - a beef jerky


   Skills:
 * Level 12.6 Fighting
 * Level 10.9 Polearms
 + Level 9.0 Armour
 - Level 1.0 Dodging
 - Level 2.4 Stealth
 - Level 3.5 Shields


You had 10 spell levels left.
You didn't know any spells.

Dungeon Overview and Level Annotations

Branches:
Dungeon (10/15)            Temple (1/1) D:5
   Lair: D:8-11         Orc: D:9-12

Altars:
Ashenzari
Cheibriados
Elyvilon
Fedhas
Gozag
Makhleb
Nemelex Xobeh
Okawaru
Pakellas
Qazlal
Ru
Sif Muna
Trog
Xom
Yredelemnul
Zin
The Shining One

Shops:
D:4 !   D:8 *

Annotations:
D:4 donomii's ghost, novice GrCK
D:10 Sonja


Innate Abilities, Weirdness & Mutations

You are under a permanent stasis effect.
You can dig through walls and to a lower floor.
Your four strong arms can wield two-handed weapons with a shield.
You have a pair of large antennae on your head (SInv).
Your mind is acute. (Int +2)
Armour fits poorly on your strangely shaped body.


Message History

The neqoxec hits you.
* * * LOW HITPOINT WARNING * * *
The large abomination barely misses you.
Unknown command.
Drink which item? (? for menu, Esc to quit)
Okay, then.
Drink which item? (? for menu, Esc to quit)
Why would you want to do that?
Drink which item? (? for menu, Esc to quit)
Why would you want to do that? Why would you want to do that?
You hit the large abomination.
The large abomination is lightly damaged.
You block the neqoxec's attack.
Press: ? - help, v - describe, . - travel
Here: Sonja, wielding a dagger of distortion The floor.
Enter note: fuck you The large abomination hits you!
You die...

....[#.### #...#.#
#...#)# #...#.###
#.......# ...
#..##.#.#
..######K..#.#.#
...........#.#3#
...........#.#@#
.....###.#.#.#X#
...#.###.#[#.#.#
#.####.#.......#.#
#................#
.....#........(..#
.....#######C###.#
..{.. #.# #K#
..... #.# #.#


You could see a large abomination, a neqoxec and Sonja.

Vanquished Creatures
  2 hill giants
  2 ugly things
  A gargoyle (D:8)
  Prince Ribbit (D:8)
  4 yaks (D:9)
  A wyvern (D:9)
  4 hippogriffs
  Grum (D:9)
  2 steam dragons
  2 hungry ghosts
  A mottled dragon (D:10)
  A water moccasin (D:7)
  3 orc warriors
  4 ice beasts
  A sky beast (D:8)
  A black bear (D:7)
  6 necrophages (D:9)
  6 ogres
  3 centaurs
  2 phantoms (D:8)
  4 wolves (D:9)
  A big kobold (D:7)
  4 crocodiles
  4 giant frogs
  3 scorpions
  A wyvern skeleton (D:6)
  3 killer bees (D:9)
  3 wights (D:9)
  6 howler monkeys
  A centaur zombie (D:9)
  3 crimson imps
  A centaur skeleton (D:7)
  2 giant frog skeletons
  A giant frog zombie (D:7)
  4 hounds (D:9)
  2 jellies (D:6)
  An orc priest (D:9)
  5 orc wizards
  9 worker ants
  3 hound zombies
  2 hound skeletons
  A howler monkey zombie (D:10)
  A worker ant zombie (D:10)
  4 gnolls (D:4)
  11 adders
  2 river rats (D:10)
  2 shadow imps (D:7)
  An adder skeleton (D:10)
  3 adder zombies
  6 worms
  2 dart slugs (D:1)
  34 orcs
  8 bats
  9 giant cockroaches
  7 goblins
  4 hobgoblins
  11 jackals
  3 quokkas
  A ball python (D:2)
  A giant gecko skeleton (D:8)
  2 giant gecko zombies
  3 giant newts
  17 kobolds
  12 rats
256 creatures vanquished.

Vanquished Creatures (collateral kills)
  A komodo dragon (D:9)
1 creature vanquished.

Vanquished Creatures (others)
  2 bushes (D:9)
  4 fungi (D:10)
  11 plants (D:9)
17 creatures vanquished.

Grand Total: 274 creatures vanquished

Notes
Turn   | Place    | Note
--------------------------------------------------------------
     0 | D:1      | Arkorax the Formicid Wanderer began the quest for the Orb.
     0 | D:1      | Arkorax set off with: a +2 spear, a +0 shortbow, 23 arrows, a +0 ring mail, a +0 dagger, a bread ration
     0 | D:1      | Reached XP level 1. HP: 21/21 MP: 1/1
    65 | D:1      | Reached skill level 1 in Polearms
    65 | D:1      | Reached XP level 2. HP: 23/28 MP: 2/2
   400 | D:1      | Reached XP level 3. HP: 34/34 MP: 3/3
   915 | D:2      | Reached skill level 1 in Shields
   915 | D:2      | Reached XP level 4. HP: 40/40 MP: 4/4
   987 | D:2      | Reached skill level 6 in Fighting
  1622 | D:3      | Noticed a hippogriff
  1645 | D:3      | Killed a hippogriff
  1645 | D:3      | Reached XP level 5. HP: 27/47 MP: 5/5
  1645 | D:3      | Reached XP level 6. HP: 31/53 MP: 6/6
  2028 | D:3      | Found a glowing drain.
  2194 | D:4      | Found Modghu's Distillery.
  2350 | D:4      | Noticed donomii's ghost (novice GrCK)
  2356 | D:4      | Gained mutation: Your mind is acute. (Int +2) [potion of beneficial mutation]
  2903 | D:4      | Noticed an ogre
  2910 | D:4      | Killed an ogre
  2910 | D:4      | Reached XP level 7. HP: 50/59 MP: 7/7
  2918 | D:4      | Found a shimmering altar of Xom.
  3070 | D:5      | Entered Level 5 of the Dungeon
  3131 | D:5      | Found a staircase to the Ecumenical Temple.
  3245 | Temple   | Entered the Ecumenical Temple
  3267 | Temple   | Became a worshipper of Ashenzari the Shackled
  3377 | D:5      | Reached skill level 7 in Fighting
  3872 | D:5      | Found a glowing golden altar of the Shining One.
  3946 | D:6      | Reached XP level 8. HP: 58/67 MP: 8/8
  4051 | D:6      | Reached skill level 5 in Polearms
  4614 | D:6      | Reached skill level 8 in Fighting
  5022 | D:6      | Reached skill level 5 in Armour
  5584 | D:7      | Reached XP level 9. HP: 68/75 MP: 9/9
  5870 | D:7      | Reached skill level 9 in Fighting
  5958 | D:7      | Found a white marble altar of Elyvilon.
  5958 | D:7      | Found a burning altar of Makhleb.
  6262 | D:7      | Found a snail-covered altar of Cheibriados.
  6768 | D:8      | Found a stormy altar of Qazlal.
  6796 | D:8      | Reached skill level 10 in Fighting
  6796 | D:8      | Reached XP level 10. HP: 72/85 MP: 10/10
  6821 | D:8      | Noticed Prince Ribbit
  6826 | D:8      | Noticed a gargoyle
  7219 | D:8      | Killed a gargoyle
  7265 | D:8      | Reached * piety under Ashenzari
  7269 | D:8      | Found a glowing silver altar of Zin.
  7270 | D:8      | Found an opulent altar of Gozag.
  7304 | D:8      | Found a bloodstained altar of Trog.
  7585 | D:8      | Found Gulos's Assorted Antiques.
  7593 | D:8      | Bought a worn silver wand for 88 gold pieces
  7593 | D:8      | Bought a crooked bronze wand for 88 gold pieces
  7751 | D:8      | Noticed a cyan ugly thing
  7773 | D:8      | HP: 4/86 [cyan ugly thing (12)]
  7778 | D:8      | Killed a cyan ugly thing
  8182 | D:9      | Found a basalt altar of Yredelemnul.
  8280 | D:9      | Found a snail-covered altar of Cheibriados.
  8305 | D:9      | Noticed a komodo dragon
  8331 | D:9      | Killed a komodo dragon
  8530 | D:9      | Found a bloodstained altar of Trog.
  8662 | D:9      | Reached skill level 11 in Fighting
  8943 | D:9      | Noticed a white ugly thing
  8971 | D:9      | Killed a white ugly thing
  9221 | D:9      | Found an opulent altar of Gozag.
  9295 | D:9      | Noticed Grum
  9342 | D:9      | Killed Grum
  9536 | D:9      | Identified the Disquisition on Orientation
  9549 | D:9      | Reached XP level 11. HP: 60/93 MP: 11/11
  9586 | D:9      | Found a blossoming altar of Fedhas.
  9876 | D:9      | Found a sparkling altar of Nemelex Xobeh.
  9896 | D:9      | Found an oddly glowing altar of Pakellas.
 10070 | D:9      | Found a blossoming altar of Fedhas.
 10216 | D:9      | Reached skill level 10 in Polearms
 10234 | D:10     | Entered Level 10 of the Dungeon
 10237 | D:10     | Noticed a catoblepas
 10524 | D:9      | Reached skill level 12 in Fighting
 10717 | D:9      | Noticed a hill giant
 10792 | D:9      | Killed a hill giant
 11192 | D:10     | Noticed a centaur warrior
 11202 | D:9      | Noticed a hill giant
 11748 | D:8      | Killed Prince Ribbit
 12148 | D:10     | Noticed a hill giant
 12186 | D:10     | Noticed Sonja
 12199 | D:10     | Killed a hill giant
 12200 | D:10     | Cast into level 2 of the Abyss (Sonja)
 12278 | Abyss:2  | Gained mutation: Armour fits poorly on your strangely shaped body. [a neqoxec]
 12284 | D:10     | Escaped the Abyss
 12296 | D:10     | fuck you
 12296 | D:10     | Mangled by a large abomination

Vault maps used:
D:1:      minmay_arrival_glassed_features
D:2:      kennysheep_big_empty_room
D:3:      portal_sewer_entry_e
D:4:      serial_shops, kennysheep_mini_moat, first_bread, led_xom_imps,
          uniq_blork_the_orc
D:5:      tso_oasis_becter, temple_fountains
D:7:      slow_altar_2, grunt_temple_overflow_open, minivault_22
D:8:      grunt_temple_overflow_gold_and_silver, bloody_trog,
          grunt_qazlal_clouds, serial_shops, shop, uniq_prince_ribbit1
D:9:      minitemple, lemuel_doored_altar, fedhas_altar_decomposition,
          basic_altar, hangedman_tree_tricks, hangedman_decor_peaks_small,
          hangedman_feature_mirror, uniq_grum
D:10:     minmay_cut_squares, grunt_lair_entry_orc_guard_hut, uniq_sonja
Temple:   circular_temple_pool_8
Abyss:2:  evilmike_abyss_exit_10

Skill      XL: |  1  2  3  4  5  6  7  8  9 10 11 |
---------------+----------------------------------+-----
Polearms       | 1 2 3 4 6 8 9 10 | 10.9
Shields        | 1 2 3 |  3.5
Fighting       | 6 7 8 10 11 12 | 12.6
Armour         | 3 4 5 6 8 9 |  9.0
Dodging        | |  1.0
Stealth        | |  2.4

Action                   |  1- 3 |  4- 6 |  7- 9 | 10-12 || total
-------------------------+-------+-------+-------+-------++-------
Melee: Spear             |    98 |   279 |   620 |   769 ||  1766
Invok: Curse Item        |       |       |     2 |       ||     2
 Abil: Dig               |       |       |       |     2 ||     2
Evoke: Wand              |       |       |     3 |    29 ||    32
       Phial of floods   |       |       |       |     1 ||     1
  Use: Potion            |       |     7 |     3 |     4 ||    14
       Scroll            |       |       |       |    18 ||    18
 Stab: Confused          |       |       |       |    10 ||    10
  Eat: Chunk             |       |     7 |     1 |     7 ||    15
       Bread ration      |       |       |     1 |     1 ||     2
       Meat ration       |       |       |     2 |       ||     2
       Fruit             |       |       |       |     6 ||     6
       Beef jerky        |       |       |       |     2 ||     2
